 Dungeon Crawl Stone Soup version 0.31.0 (webtiles) character file.

Game seed: 13847135248026814663

2315 qw the Skirmisher (level 9, -2/57 HPs)
             Began as a Gargoyle Hunter on Jan 20, 2024.
             Was a Follower of Okawaru.
             Shot with a sling bullet by Joseph (14 damage)
             ... on level 7 of the Dungeon.
             The game lasted 00:00:38 (5747 turns).

qw the Skirmisher (Gargoyle Hunter)                 Turns: 5747, Time: 00:00:38

Health: -2/57      AC: 15    Str: 15    XL:     9   Next: 41%
Magic:  10/12      EV: 14    Int: 10    God:    Okawaru [*.....]
Gold:   144        SH:  0    Dex: 17    Spells: 8/8 levels left

rFire   . . .        a - +2 shortbow
rCold   . . .        (shield currently unavailable)
rNeg    + . .        d - +0 ring mail
rPois   inf          (no helmet)
rElec   +            l - +1 cloak
rCorr   .            (no gloves)
SInv    +            (no boots)
Will    +....        p - amulet of regeneration
Stlth   +++          Y - ring of willpower
HPRegen 1.09/turn    m - ring of see invisible
MPRegen 0.13/turn

%: no passive effects
@: about to teleport, heroic
A: sickness immunity, AC +6, negative energy resistance 1, electricity
resistance, torment resistance 1, petrification resistance
a: Renounce Religion, Heroism


You were on level 7 of the Dungeon.
You worshipped Okawaru.
Okawaru was aware of your devotion.
You visited 2 branches of the dungeon, and saw 8 of its levels.

You collected 303 gold pieces.
You spent 159 gold pieces at shops.


Innate Abilities, Weirdness & Mutations

You are immune to sickness and miasma.
Your stone body is resilient. (AC +6)
You are immune to poison.
You resist negative energy. (rN+)
You are resistant to electric shocks. (rElec)
You are resistant to unholy torment.
You are immune to petrification.


   Skills:
 - Level 7.0(12.0) Fighting
 + Level 10.3(15.3) Ranged Weapons
 - Level 2.1(7.1) Armour
 - Level 2.2(7.2) Dodging
 - Level 1.1(6.1) Stealth
 - Level 4.0 Invocations


You had 8 spell levels left.
You didn't know any spells.
Your spell library was empty.

Inventory:

Hand Weapons
 a - a +2 shortbow (weapon)
Armour
 d - a +0 ring mail (worn)
 l - a +1 cloak (worn)
Jewellery
 c - a ring of positive energy
 f - a ring of willpower
 j - a ring of fire
 m - a ring of see invisible (right hand)
 p - an amulet of regeneration (around neck)
 q - a ring of ice
 Y - a ring of willpower (left hand)
Wands
 e - a wand of charming (6)
 g - a wand of digging (3)
Scrolls
 k - a scroll of teleportation
 o - a scroll of identify
Potions
 b - 3 potions of enlightenment
 h - a potion of curing
 i - a potion of haste
 n - a potion of attraction {unknown}

Dungeon Overview and Level Annotations

Branches:
Dungeon (7/15)             Temple (1/1) D:5

Altars:
Ashenzari
Dithmenos
Elyvilon
Fedhas
Gozag
Hepliaklqana
Kikubaaqudgha
Makhleb
Nemelex Xobeh
Okawaru
Qazlal
Ru
Sif Muna
Trog
Uskayaw
Vehumet
Wu Jian
Xom
Yredelemnul
Zin
The Shining One

Shops:
D:1 (*(   D:6 ?:

Annotations:
D:3 2 transporters, qw's ghost, amateur GrHu
D:7 Joseph


Message History

The ogre is severely wounded.
The ogre hits you with a +0 giant spiked club!!
You shoot an arrow. The arrow hits the ogre!
You kill the ogre!
Okawaru accepts your kill.
You start resting.
HP restored.
Things that are here:
a +0 giant spiked club; an ogre corpse
There is an open door, spattered with blood here.
An orc comes into view. It is wielding a +0 club.
Found a stone staircase leading up.
The orc shouts!
You hear a shout! x3
Enter note:
Enter note: You shoot an arrow.
The arrow closely misses the orc.
You shoot an arrow. The arrow closely misses the orc.
You shoot an arrow. The arrow hits the orc!
You kill the orc!
Okawaru accepts your kill.
Joseph, a Mercenary comes into view.
He is wielding a +0 quarterstaff and wearing a +3 ring mail of fire resistance.
Joseph shouts!
Joseph unwields a +0 quarterstaff.
Joseph wields a +0 sling.
Joseph shoots a sling bullet.
The sling bullet hits you!
5743 ||| INVOKING Heroism.
You gain the combat prowess of a mighty hero.
Joseph shoots a sling bullet.
The sling bullet hits you!
You shoot an arrow. The arrow barely misses Joseph.
An orc warrior comes into view. It is wielding a +0 battleaxe.
Joseph shoots a sling bullet.
The sling bullet hits you!
You shoot an arrow.
The arrow hits Joseph but does no damage.
You shoot an arrow. The arrow hits the orc warrior!
The orc warrior is moderately wounded.
Joseph shoots a sling bullet.
The sling bullet hits you!
5747 ||| READING 2 scrolls of teleportation.
As you read the scroll of teleportation, it crumbles to dust.
You feel strangely unstable.
Joseph shoots a sling bullet.
The sling bullet hits you!
You die...

##########.. ###
#.......##....
.....####@# #.#.##...#
.....<.o..# #.#.##.#.#
.....###..# #.#.##.#.#
.....####.###.#.##.#.#
. ...'..@........#.#.#
...####.##..#.##.#.#
#.. ##.##..#).....#
#.. #......#..#.###
#.. #.##......#.# #..


You could see Joseph and an orc warrior.

Vanquished Creatures
  Jeremiah (D:7)
  Grinder (D:3)
  2 black bears
  2 ice beasts
  An ogre (D:7)
  A phantom (D:5)
  A bullfrog (D:4)
  4 scorpions
  A gnoll sergeant (D:4)
  A howler monkey (D:7)
  2 hounds (D:4)
  A bombardier beetle (D:5)
  2 orc priests
  2 gnoll boudas (D:7)
  3 jellies
  3 iguanas
  A sleepcap (D:6)
  5 orc wizards
  4 adders
  19 gnolls
  3 white imps (D:6)
  4 ufetubi
  2 ribbon worms
  2 dart slugs
  25 orcs
  7 bats
  4 endoplasms
  A giant cockroach (D:3)
  6 goblins
  6 hobgoblins
  A quokka (D:4)
  8 ball pythons
  4 frilled lizards
  7 kobolds
  4 rats
141 creatures vanquished.

Vanquished Creatures (others)
  An orc wizard (D:6)
1 creature vanquished.

Grand Total: 142 creatures vanquished

Notes
Turn   | Place    | Note
-------+----------+-------------------------------------------
     0 | D:1      | qw the Gargoyle Hunter began the quest for the Orb.
     0 | D:1      | Reached XP level 1. HP: 12/12 MP: 1/1
     0 | D:1      | 0 ||| qw: Version: 0.3-a-132-g3d54051
     0 | D:1      | 0 ||| qw: Game counter: 519
     0 | D:1      | 0 ||| qw: Melee chars always use a shield: true
     0 | D:1      | 0 ||| qw: God list: Okawaru
     0 | D:1      | 0 ||| qw: Allow faded altars: false
     0 | D:1      | 0 ||| qw: Do Orc after clearing Dungeon:15 true
     0 | D:1      | 0 ||| qw: Do second Lair branch before Depths: true
     0 | D:1      | 0 ||| qw: Lair rune preference: random
     0 | D:1      | 0 ||| qw: Goals: Normal
     0 | D:1      | 0 ||| PLANNING D:1-11
     3 | D:1      | Found Jaudoakh's Weapon Shoppe.
   137 | D:1      | Reached XP level 2. HP: 17/17 MP: 2/2
   241 | D:1      | Found Hapuiph's Antique Weapon Shoppe.
   252 | D:1      | Found Waifif's General Store.
   264 | D:1      | 264 ||| SHOPLISTING scroll of enchant armour (105 gold,
                  | have 4).
   264 | D:1      | 264 ||| SHOPLISTING scroll of identify (28 gold, have 4).
   488 | D:1      | Reached XP level 3. HP: 21/21 MP: 3/3
   605 | D:1      | 605 ||| UPGRADING to ring of willpower.
   606 | D:1      | 606 ||| READING 3 scrolls labelled FUSARH BIAS.
   606 | D:1      | 606 ||| IDENTIFYING scroll labelled JOILOWNE DUNID
   607 | D:1      | 607 ||| READING 2 scrolls of identify.
   607 | D:1      | 607 ||| IDENTIFYING scroll labelled TAKLYR GIESOZ
   608 | D:1      | 608 ||| DROPPING scroll of butterflies.
   609 | D:1      | 609 ||| DROPPING scroll of noise.
   610 | D:1      | 610 ||| DROPPING scroll of poison.
   643 | D:2      | 643 ||| STAIRDANCE
   664 | D:2      | HP: 1/21 [ribbon worm (6)]
   672 | D:2      | Reached skill level 5 in Ranged Weapons
   672 | D:2      | 672 ||| STAIRDANCE
   890 | D:2      | 890 ||| READING scroll of identify.
   890 | D:2      | 890 ||| IDENTIFYING amethyst potion
  1051 | D:3      | 1051 ||| FLEEEEING.
  1126 | D:3      | Reached skill level 3 in Fighting
  1135 | D:3      | Noticed qw's ghost (amateur GrHu)
  1135 | D:3      | Noticed an ogre
  1136 | D:3      | Found a transporter.
  1136 | D:3      | Noticed an ogre
  1153 | D:3      | Noticed Grinder
  1159 | D:3      | 1159 ||| UPGRADING to ring of willpower.
  1160 | D:3      | 1160 ||| READING scroll labelled OSTREY CELIOTIHIK.
  1171 | D:3      | Killed Grinder
  1172 | D:3      | Reached skill level 7 in Ranged Weapons
  1172 | D:3      | Reached XP level 4. HP: 24/28 MP: 4/4
  1172 | D:3      | Reached XP level 5. HP: 28/32 MP: 5/5
  1172 | D:3      | Reached XP level 6. HP: 32/37 MP: 6/6
  1175 | D:3      | Noticed an ice beast
  1176 | D:3      | 1176 ||| FLEEEEING.
  1197 | D:3      | Found a white marble altar of Elyvilon.
  1273 | D:3      | 1273 ||| ZAPPING wand of quicksilver (6) at 0,6 (ice beast;
                  | floor).
  1274 | D:3      | 1274 ||| ZAPPING wand of quicksilver (5) at 0,5 (ice beast;
                  | floor).
  1274 | D:3      | Killed an ice beast
  1311 | D:3      | 1311 ||| READING scroll labelled ZEKHASSUKH.
  1312 | D:3      | 1312 ||| FLEEEEING.
  1316 | D:3      | 1316 ||| DRINKING 2 gluggy blue potions.
  1317 | D:3      | 1317 ||| DROPPING potion of degeneration.
  1355 | D:3      | Found a burning altar of Makhleb.
  1391 | D:3      | 1391 ||| STAIRDANCE
  1395 | D:3      | 1395 ||| STAIRDANCE
  1399 | D:3      | 1399 ||| STAIRDANCE
  1403 | D:3      | 1403 ||| STAIRDANCE
  1407 | D:3      | 1407 ||| STAIRDANCE
  1411 | D:3      | 1411 ||| STAIRDANCE
  1415 | D:3      | 1415 ||| STAIRDANCE
  1419 | D:3      | 1419 ||| STAIRDANCE
  1423 | D:3      | 1423 ||| STAIRDANCE
  1427 | D:3      | 1427 ||| STAIRDANCE
  1431 | D:3      | 1431 ||| STAIRDANCE
  1435 | D:3      | 1435 ||| STAIRDANCE
  1439 | D:3      | 1439 ||| STAIRDANCE
  1443 | D:3      | 1443 ||| STAIRDANCE
  1447 | D:3      | 1447 ||| STAIRDANCE
  1451 | D:3      | 1451 ||| STAIRDANCE
  1455 | D:3      | 1455 ||| STAIRDANCE
  1459 | D:3      | 1459 ||| STAIRDANCE
  1463 | D:3      | 1463 ||| STAIRDANCE
  1467 | D:3      | 1467 ||| STAIRDANCE
  1471 | D:3      | 1471 ||| FLEEEEING.
  1497 | D:3      | Found a transporter.
  1550 | D:3      | 1550 ||| FLEEEEING.
  1551 | D:3      | 1551 ||| FLEEEEING.
  1552 | D:3      | 1552 ||| FLEEEEING.
  1563 | D:3      | 1563 ||| FLEEEEING.
  1677 | D:2      | Found a faded altar of an unknown god.
  1981 | D:2      | 1981 ||| READING scroll of identify.
  1981 | D:2      | 1981 ||| IDENTIFYING 2 grey potions
  1982 | D:2      | 1982 ||| READING scroll labelled FAIFIM DOIRAERR.
  1982 | D:2      | 1982 ||| ENCHANTING +0 shortbow.
  1983 | D:2      | 1983 ||| READING scroll labelled ATWYIF BODIBIG.
  2334 | D:3      | 2334 ||| READING scroll labelled JIDIAT DOVOQE.
  2372 | D:4      | Reached XP level 7. HP: 38/43 MP: 7/7
  2372 | D:4      | 2372 ||| FLEEEEING.
  2428 | D:4      | Found a sparkling altar of Nemelex Xobeh.
  2627 | D:4      | Reached skill level 8 in Ranged Weapons
  2688 | D:4      | 2688 ||| FLEEEEING.
  2842 | D:4      | Reached skill level 1 in Armour
  2850 | D:4      | 2850 ||| FLEEEEING.
  2872 | D:4      | 2872 ||| FLEEEEING.
  3279 | D:4      | 3279 ||| UPGRADING to +0 ring mail.
  3289 | D:4      | 3289 ||| DROPPING +0 leather armour.
  3315 | D:5      | Entered Level 5 of the Dungeon
  3599 | D:5      | Reached XP level 8. HP: 28/49 MP: 8/8
  3599 | D:5      | 3599 ||| FLEEEEING.
  3639 | D:5      | 3639 ||| FLEEEEING.
  4061 | D:5      | Found a staircase to the Ecumenical Temple.
  4062 | D:5      | 4062 ||| PLANNING TEMPLE
  4062 | D:5      | 4062 ||| UPGRADING to amulet of regeneration.
  4067 | D:5      | 4067 ||| UPGRADING to ring of see invisible.
  4069 | D:5      | 4069 ||| READING 2 scrolls of identify.
  4069 | D:5      | 4069 ||| IDENTIFYING 2 black potions
  4070 | D:5      | 4070 ||| READING scroll of identify.
  4070 | D:5      | 4070 ||| IDENTIFYING scroll labelled PAWNOJ ESYDD
  4071 | D:5      | 4071 ||| READING scroll labelled HUSEPS YCHOZOR.
  4072 | D:5      | 4072 ||| DROPPING scroll of fog.
  4081 | Temple   | Entered the Ecumenical Temple
  4082 | Temple   | 4082 ||| PLANNING OKAWARU WORSHIP
  4110 | Temple   | Became a worshipper of Warmaster Okawaru
  4111 | Temple   | 4111 ||| PLANNING D:1-11
  4231 | D:6      | Reached skill level 9 in Ranged Weapons
  4258 | D:6      | 4258 ||| FLEEEEING.
  4259 | D:6      | 4259 ||| FLEEEEING.
  4260 | D:6      | 4260 ||| FLEEEEING.
  4261 | D:6      | 4261 ||| FLEEEEING.
  4262 | D:6      | 4262 ||| FLEEEEING.
  4266 | D:6      | 4266 ||| FLEEEEING.
  4377 | D:6      | Found Muucsie's Book Shop.
  4567 | D:6      | Reached skill level 6 in Fighting
  4571 | D:6      | You fall into a shaft and drop 1 floor!
  4575 | D:7      | Noticed Jeremiah
  4577 | D:7      | 4577 ||| ZAPPING wand of quicksilver (4) at -1,-3
                  | (Jeremiah; floor).
  4578 | D:7      | 4578 ||| ZAPPING wand of quicksilver (3) at -1,-3
                  | (Jeremiah; floor).
  4579 | D:7      | 4579 ||| ZAPPING wand of quicksilver (2) at -1,-3
                  | (Jeremiah; floor).
  4582 | D:7      | 4582 ||| ZAPPING wand of quicksilver (1) at -1,-3
                  | (Jeremiah; floor).
  4583 | D:7      | 4583 ||| DRINKING 2 potions of haste.
  4616 | D:7      | Killed Jeremiah
  4616 | D:7      | Reached * piety under Okawaru
  4687 | D:7      | HP: 9/51 [ogre/+0 giant spiked club (19)]
  4688 | D:7      | 4688 ||| READING 3 scrolls of teleportation.
  4689 | D:7      | 4689 ||| DRINKING 2 potions of heal wounds.
  4861 | D:7      | Reached skill level 1 in Invocations
  4863 | D:7      | Reached skill level 10 in Ranged Weapons
  4886 | D:7      | Reached XP level 9. HP: 43/55 MP: 8/10
  4913 | D:7      | 4913 ||| UPGRADING to +0 cloak.
  4918 | D:7      | 4918 ||| READING scroll of identify.
  4918 | D:7      | 4918 ||| IDENTIFYING emerald potion
  4919 | D:7      | 4919 ||| DROPPING potion of berserk rage.
  5041 | D:6      | HP: 9/56 [orc priest/divine providence (9)]
  5042 | D:6      | 5042 ||| READING 2 scrolls of teleportation.
  5043 | D:6      | 5043 ||| DRINKING potion of heal wounds.
  5046 | D:6      | 5046 ||| FLEEEEING.
  5075 | D:6      | 5075 ||| FLEEEEING.
  5092 | D:6      | Reached skill level 3 in Invocations
  5130 | D:6      | 5130 ||| READING scroll of enchant weapon.
  5130 | D:6      | 5130 ||| ENCHANTING +1 shortbow.
  5162 | D:6      | Found Yziwos's Magic Scroll Emporium.
  5170 | D:6      | 5170 ||| BUYING scroll of enchant armour (82 gold).
  5170 | D:6      | Bought a scroll of enchant armour for 82 gold pieces
  5170 | D:6      | 5170 ||| BUYING scroll of identify (22 gold).
  5170 | D:6      | Bought a scroll of identify for 22 gold pieces
  5170 | D:6      | 5170 ||| BUYING scroll of identify (22 gold).
  5170 | D:6      | Bought a scroll of identify for 22 gold pieces
  5170 | D:6      | 5170 ||| BUYING scroll of teleportation (33 gold).
  5170 | D:6      | Bought a scroll of teleportation for 33 gold pieces
  5170 | D:6      | 5170 ||| READING scroll of enchant armour.
  5170 | D:6      | 5170 ||| ENCHANTING +0 cloak.
  5434 | D:6      | 5434 ||| READING 2 scrolls of identify.
  5434 | D:6      | 5434 ||| IDENTIFYING sedimented puce potion
  5515 | D:7      | 5515 ||| RETREEEEATING.
  5546 | D:7      | 5546 ||| FLEEEEING.
  5547 | D:7      | 5547 ||| FLEEEEING.
  5548 | D:7      | 5548 ||| FLEEEEING.
  5549 | D:7      | 5549 ||| FLEEEEING.
  5550 | D:7      | 5550 ||| FLEEEEING.
  5551 | D:7      | 5551 ||| FLEEEEING.
  5552 | D:7      | 5552 ||| FLEEEEING.
  5553 | D:7      | 5553 ||| FLEEEEING.
  5554 | D:7      | 5554 ||| FLEEEEING.
  5555 | D:7      | 5555 ||| FLEEEEING.
  5556 | D:7      | 5556 ||| FLEEEEING.
  5557 | D:7      | 5557 ||| FLEEEEING.
  5558 | D:7      | 5558 ||| FLEEEEING.
  5559 | D:7      | 5559 ||| FLEEEEING.
  5560 | D:7      | 5560 ||| FLEEEEING.
  5561 | D:7      | 5561 ||| FLEEEEING.
  5562 | D:7      | 5562 ||| STAIRDANCE
  5579 | D:7      | 5579 ||| STAIRDANCE
  5619 | D:7      | 5619 ||| INVOKING Heroism.
  5742 | D:7      | Noticed Joseph
  5743 | D:7      | 5743 ||| INVOKING Heroism.
  5746 | D:7      | HP: 11/57 [Joseph/sling bullet (9)]
  5747 | D:7      | 5747 ||| READING 2 scrolls of teleportation.
  5747 | D:7      | Shot with a sling bullet by Joseph

Levels and vault maps discovered:
D:1:      wander_arrival_desolate, layout_basic, serial_shops, shop, shop,
          nicolae_shop_hallway_plus, minmay_misc_feat_doors, serial_bayou_pond_e
D:2:      layout_basic, hellmonk_ecumenical_altar_lost_god
D:3:      layout_basic, lemuel_tele_altar, mainiacjoe_overflow_24_doors,
          gammafunk_ghost_smash, st_stairs_2, uniq_grinder
D:4:      layout_basic, nemelex_diamond_rough_becter, serial_park_tiny_1
D:5:      layout_loops_ring, minmay_temple_entry_fiery, serial_bayou_lagoon_a
D:6:      layout_basic, serial_shops, nicolae_shop_tiny_glass, shop
D:7:      layout_basic, lightli_orcish_oven, uniq_jeremiah, uniq_joseph,
          uniq_pikel
Temple:   mainiacjoe_temple_bowtie_tessellation

Skill      XL: |  1  2  3  4  5  6  7  8  9 |
---------------+----------------------------+-----
Ranged Weapons | 7 8 10 | 10.3
Fighting       | 3 4 5 6 7 |  7.0
Dodging        | 2 |  2.2
Armour         | 1 2 |  2.1
Invocations    | 1 4 |  4.0
Stealth        | |  1.1

Action                     |  1- 3 |  4- 6 |  7- 9 || total
---------------------------+-------+-------+-------++-------
   Fire: Shortbow          |   154 |    83 |   440 ||   677
 Invoke: Heroism           |       |       |     2 ||     2
  Evoke: Wand              |       |     2 |     4 ||     6
    Use: Scroll            |     4 |     5 |    10 ||    19
         Potion            |       |     1 |     3 ||     4
 Armour: Leather armour    |    46 |    45 |    29 ||   120
         Ring mail         |       |       |   178 ||   178
  Dodge: Dodged            |    37 |    41 |   149 ||   227

Table legend:
 A = Non-vault XP
 B = Vault XP
 C = Vault XP percentage of total XP
 D = Non-vault monster count
 E = Vault monster count
 F = Vault count percentage of total count
                 A         B        C        D         E       F
            +---------+---------+-------+---------+---------+-------
      Total |    2580 |     728 |  22.0 |     133 |       9 |   6.3
            +---------+---------+-------+---------+---------+-------
        D:1 |      38 |       0 |   0.0 |      24 |       0 |   0.0
        D:2 |      88 |       0 |   0.0 |      16 |       0 |   0.0
        D:3 |     174 |     307 |  63.8 |      15 |       3 |  16.7
        D:4 |     463 |       0 |   0.0 |      20 |       0 |   0.0
        D:5 |     405 |       0 |   0.0 |      10 |       0 |   0.0
        D:6 |     862 |       0 |   0.0 |      29 |       0 |   0.0
        D:7 |     550 |     421 |  43.4 |      19 |       6 |  24.0
            +---------+---------+-------+---------+---------+-------
